 Dungeon Crawl Stone Soup version 0.31-a0-344-gd109795599 (webtiles) character file.

Game seed: 9108792482825564955

20 shakesphere1979 the Digger (level 2, -4/20 HPs)
             Began as a Demigod Earth Elementalist on July 22, 2023.
             Slain by a hobgoblin
             ... wielding a +0 dagger
              (5 damage)
             ... on level 2 of the Dungeon.
             The game lasted 00:04:31 (1072 turns).

shakesphere1979 the Digger (DgEE)                   Turns: 1072, Time: 00:04:31

Health: -4/20      AC:  2    Str:  9    XL:     2   Next: 42%
Magic:  4/7        EV: 12    Int: 17    God:
Gold:   88         SH:  0    Dex: 14    Spells: 2/5 levels left

rFire   . . .        f - +0 short sword
rCold   . . .        (no shield)
rNeg    . . .        a - +0 robe
rPois   .            (no helmet)
rElec   .            (no cloak)
rCorr   .            (no gloves)
SInv    .            (no boots)
Will    .....        (no amulet)
Stlth   ++           (no ring)
HPRegen 0.23/turn    (no ring)
MPRegen 0.10/turn

%: no passive effects
@: no status effects
A: high MP 1, forlorn, divine attributes
a: no special abilities


You were on level 2 of the Dungeon.
You visited 1 branch of the dungeon, and saw 2 of its levels.

You collected 88 gold pieces.

Inventory:

Hand Weapons
 f - a +0 short sword (weapon)
Missiles
 i - 6 stones
 l - 6 poisoned darts
Armour
 a - a +0 robe (worn)
Jewellery
 h - a ring of fire
Talismans
 d - a beast talisman
Scrolls
 c - a scroll of identify {unknown}
 g - a scroll of immolation {unknown}
 j - a scroll of enchant weapon {unknown}
 n - a scroll of vulnerability {unknown}
Potions
 b - a potion of magic
 e - a potion of might {unknown}
 k - a potion of berserk rage {unknown}
 m - a potion of curing {unknown}


   Skills:
 + Level 0.1 Fighting
 + Level 2.1 Dodging
 + Level 1.9 Stealth
 + Level 2.0 Spellcasting
 + Level 0.8 Transmutations
 + Level 3.0 Earth Magic


You had 2 spell levels left.
You knew the following spells:

 Your Spells              Type           Power      Damage    Failure   Level
a - Sandblast             Erth           24%        2d8       5%          1
b - Passwall              Tmut/Erth      6%         N/A       13%         2

Your spell library contained the following spells:

 Spells                   Type           Power      Damage    Failure   Level
 Stone Arrow              Conj/Erth      12%        3d7       30%         3
 Dazzling Flash           Conj/Hex       2%         N/A       50%         3
 Gell's Gravitas          Tloc           1%         N/A       50%         3
 Hailstorm                Conj/Ice       1%         3d3       50%         3
 Teleport Other           Tloc           1%         N/A       50%         3
 Volatile Blastmotes      Fire/Tloc      2%         2d10      50%         3
 Petrify                  Tmut/Erth      8%         N/A       65%         4
 Summon Ice Beast         Ice/Summ       1%         N/A       88%         4
 Dispersal                Tloc           0%         N/A       100%        6
 Simulacrum               Ice/Necr       0%         N/A       100%        6
 Starburst                Conj/Fire      0%         6d3       100%        6
 Maxwell's Capacitive Co  Air            0%         ∞         100%        8


Dungeon Overview and Level Annotations

Branches:
Dungeon (2/15)


Innate Abilities, Weirdness & Mutations

You have an increased reservoir of magic. (+10% MP)
You shall have no god before yourself.
Your divine heritage dramatically boosts your attributes as you level up.


Message History

You see here a +0 robe.
Found a stone staircase leading down.
A dart slug comes into view.
A hobgoblin comes into view.
The hobgoblin shouts!
The dart slug launches a dart at you. The slug dart hits you.
The hobgoblin hits you with a +0 dagger.
The hobgoblin hits you with a +0 dagger.
The hobgoblin attacks as you move away!
The hobgoblin hits you with a +0 dagger.
A frilled lizard comes into view.
The frilled lizard hisses angrily.
The frilled lizard barely misses you.
Casting: Sandblast (safe; 5% risk of failure)
Confirm with . or Enter, or press ? or * to list all spells.
Aiming: Sandblast (safe; 5% risk of failure)
Press: ? - help, Shift-Dir - straight line, f - frilled lizard
Aim: a frilled lizard (70% to hit)
The blast of sand hits the frilled lizard!
You kill the frilled lizard!
The hobgoblin hits you with a +0 dagger.
Casting: Sandblast (safe; 5% risk of failure)
Confirm with . or Enter, or press ? or * to list all spells.
Aiming: Sandblast (safe; 5% risk of failure)
Press: ? - help, Shift-Dir - straight line, f - hobgoblin
Aim: a hobgoblin, wielding a +0 dagger (82% to hit)
The blast of sand hits the hobgoblin but does no damage.
The hobgoblin hits you with a +0 dagger.
* * * LOW HITPOINT WARNING * * *
The hobgoblin hits you with a +0 dagger.
* * * LOW HITPOINT WARNING * * *
Casting: Sandblast (safe; 5% risk of failure)
Confirm with . or Enter, or press ? or * to list all spells.
Aiming: Sandblast (safe; 5% risk of failure)
Press: ? - help, Shift-Dir - straight line, f/p - hobgoblin
Aim: a hobgoblin, wielding a +0 dagger (82% to hit)
The blast of sand misses the hobgoblin.
The hobgoblin hits you with a +0 dagger.
You die...

#########
######.......######
...................
########.......######
..#...........#
#.#.###.......# . #
#.. #[####### ..
#...#..####.######..
#..
....>..@g...........
...
#.#.#######w######..
#.. .........##
#######...#
######...# #........#
#......w.#
...........#
.........w.#


You could see a dart slug and a hobgoblin.

Vanquished Creatures
  A dart slug (D:1)
  An endoplasm (D:1)
  2 goblins (D:1)
  5 hobgoblins (D:1)
  2 quokkas (D:1)
  A ball python (D:1)
  A bat (D:1)
  3 frilled lizards
16 creatures vanquished.

Notes
Turn   | Place    | Note
-------+----------+-------------------------------------------
     0 | D:1      | shakesphere1979 the Demigod Earth Elementalist began the
                  | quest for the Orb.
     0 | D:1      | Reached XP level 1. HP: 14/14 MP: 5/5
   350 | D:1      | Reached XP level 2. HP: 15/20 MP: 4/7
   608 | D:1      | Reached skill level 3 in Earth Magic
   996 | D:2      | Learned a level 2 spell: Passwall
  1071 | D:2      | HP: 1/20 [hobgoblin/+0 dagger (3)]
  1072 | D:2      | Slain by a hobgoblin

Illustrated notes

Levels and vault maps discovered:
D:1:      minmay_arrival_stair_chambers, layout_loops_cross, hex_medium,
          chequers_serial_rivers_room_b
D:2:      layout_basic

Skill      XL: |  1  2 |
---------------+-------+-----
Dodging        | 2 |  2.1
Spellcasting   | 2 |  2.0
Earth Magic    | 3 |  3.0
Fighting       | |  0.1
Stealth        | |  1.9
Transmutations | |  0.8

Action                     || total
---------------------------++-------
  Melee: Short sword       ||    25
   Cast: Sandblast         ||    18
 Armour: Robe              ||     7
  Dodge: Dodged            ||    23

Table legend: (Time is in decaauts)
 A = Elapsed time spent in this place.
 B = Non-inter-level travel time spent in this place.
 C = Inter-level travel time spent in this place.
 D = Time resting spent in this place.
 E = Time spent auto-exploring this place.
 F = Levels seen in this place.
 G = Mean time per level.
                   A        B        C        D        E       F      G
               +--------+--------+--------+--------+--------+-----+--------+
         Total |   1079 |   1003 |     76 |      0 |    727 |   2 |  539.5 |
       Dungeon |   1079 |   1003 |     76 |      0 |    727 |   2 |  539.5 |
               +--------+--------+--------+--------+--------+-----+--------+

Top non-repeatable levels by time:
     D:1: 989 daAuts
     D:2: 90 daAuts
